 Dungeon Crawl Stone Soup version 0.25.1-2-g60ff931df9 (webtiles) character file.

Game seed: 15158749601360852407

8073 DogServant the Quickloader (level 11, 97/97 HPs)
             Began as a Minotaur Hunter on Oct 17, 2020.
             Was a High Priest of Okawaru.
             Quit the game on level 1 of the Lair of Beasts.
             The game lasted 00:18:06 (9524 turns).

DogServant the Quickloader (Minotaur Hunter)        Turns: 9524, Time: 00:18:07

Health: 97/97      AC: 15    Str: 20    XL:     11   Next: 5%
Magic:  16/16      EV: 10    Int:  8    God:    Okawaru [*****.]
Gold:   512        SH:  0    Dex: 11    Spells: 10/10 levels left

rFire    . . .     SeeInvis .   a - +1 hand crossbow
rCold    . . .     Gourm    .   (no shield)
rNeg     . . .     Faith    .   h - +1 chain mail {rPois}
rPois    +         Spirit   .   G - +0 hat
rElec    .         Reflect  .   J - +1 cloak
rCorr    +         Harm     .   c - +0 pair of gloves
MR       .....                  (no boots)
Stlth    ..........             b - amulet of regeneration
HPRegen  0.66/turn              (no ring)
MPRegen  0.15/turn              O - ring of resist corrosion

@: no status effects
A: retaliatory headbutt, horns 2
a: Heroism, Finesse, Renounce Religion


You were on level 1 of the Lair of Beasts.
You worshipped Okawaru.
Okawaru was extremely pleased with you.
You were not hungry.

You visited 3 branches of the dungeon, and saw 13 of its levels.

You collected 657 gold pieces.
You spent 145 gold pieces at shops.

Inventory:

Hand Weapons
 a - a +1 hand crossbow (weapon)
 p - a +2 flail of protection
 E - a +5 scimitar
Missiles
 d - 182 bolts (quivered)
 q - 7 javelins
 D - 4 silver javelins
Armour
 c - a +0 pair of gloves (worn)
 h - a +1 chain mail of poison resistance (worn)
 G - a +0 hat (worn)
 J - a +1 cloak (worn)
Jewellery
 b - an amulet of regeneration (around neck)
 w - an uncursed amulet of the acrobat
 x - the ring of Vehumet's Vengeance {Int+3 Stlth-}
   (You bought it in a shop on level 5 of the Dungeon)

   [ring of attention]

   It affects your intelligence (+3).
   It makes you less stealthy.
 L - an uncursed ring of flight
 O - a ring of resist corrosion (right hand)
Wands
 u - a wand of polymorph (22)
 z - a wand of flame (28)
 I - a wand of acid (5)
Scrolls
 e - 2 scrolls of teleportation
 m - 3 scrolls of remove curse
 o - 4 scrolls of fog {unknown}
 s - 8 scrolls of enchant weapon {unknown}
 t - a scroll of enchant armour {unknown}
 y - 4 scrolls of noise {unknown}
 M - a scroll of magic mapping {unknown}
 N - a scroll of fear {unknown}
Potions
 g - 2 potions of ambrosia
 i - a potion of invisibility
 j - 5 potions of curing
 l - a potion of might
 n - a potion of magic
 r - 2 potions of degeneration
 v - 4 potions of lignification
 C - 2 potions of haste
 H - a potion of brilliance {unknown}
 P - a potion of mutation {unknown}
Comestibles
 f - 24 rations


   Skills:
 + Level 9.1 Fighting
 + Level 11.4 Crossbows
 - Level 7.1 Armour
 + Level 7.1 Dodging
 - Level 0.7 Stealth
 - Level 8.3 Invocations


You had 10 spell levels left.
You didn't know any spells.
Your spell library was empty.

Dungeon Overview and Level Annotations

Branches:
Dungeon (11/15)            Temple (1/1) D:4            Lair (1/6) D:10
    Orc (0/2) D:9

Altars:
Ashenzari
Cheibriados
Dithmenos
Fedhas
Gozag
Kikubaaqudgha
Makhleb
Nemelex Xobeh
Okawaru
Qazlal
Ru
Sif Muna
Trog
Uskayaw
Vehumet
Xom
Yredelemnul
Zin
Beogh

Shops:
D:4 (   D:5 (%*=*   D:9 ::?%?

Annotations:
D:11 Josephine


Innate Abilities, Weirdness & Mutations

You reflexively headbutt those who attack you in melee.
You have a pair of horns on your head.


Message History

You kill the water moccasin!
Okawaru accepts your kill.
You feel like a meek peon again.
HP restored.
d - 167 bolts (gained 4)
You see here a water moccasin corpse.
d - 170 bolts (gained 3)
You see here a basilisk corpse.
d - 171 bolts (gained 1)
d - 173 bolts (gained 2)
d - 174 bolts (gained 1)
d - 182 bolts (gained 8)
A yak comes into view.
A yak is nearby!
Firing (i - inventory. (/) - cycle)
d - 182 bolts (quivered)
Press: ? - help, Shift-Dir - straight line, f - yak
Aim: a yak (wandering, hasn't noticed you)
Your line of fire to the yak is blocked by a plant.
Continue anyway?
Okay, then.
Are you sure you want to abandon this character and quit the game? (Confirm with "yes".)

......................#.+#.##.##
..##+##.###.#...................
#.#...#...#####.......####
#.#...#...#....P......#
#.#............+.......#
#.#...#...#....#......##
#.....#...##.###.......
#......................
#.....+..@.............
#.##P...#........ # .........#.
#.........# #.........#
..........# .#.........# ....Y..


You could see a yak (wandering).

Vanquished Creatures
  A death knight (D:10)
  A skeletal warrior (D:10)
  A freezing wraith (D:10)
  A troll (D:10)
  A hippogriff (D:7)
  12 yaks
  2 wraiths
  A basilisk (Lair:1)
  2 hungry ghosts
  2 water moccasins
  6 orc warriors
  2 phantoms
  2 sky beasts
  5 ogres
  4 centaurs
  A crocodile (Lair:1)
  A big kobold (D:10)
  5 bullfrogs
  A wyvern skeleton (D:6)
  3 scorpions
  4 wights (D:7)
  A howler monkey (D:5)
  3 crimson imps
  A bullfrog zombie (D:7)
  A centaur zombie (D:7)
  7 hounds
  3 jellies
  A centaur skeleton (D:9)
  3 orc priests
  6 orc wizards
  4 worker ants
  A hound skeleton (D:5)
  4 gnolls
  9 adders
  A shadow imp (D:5)
  3 oozes
  4 adder zombies
  An adder skeleton (D:4)
  3 worms (D:2)
  2 dart slugs (D:1)
  4 leopard geckos
  33 orcs
  5 giant cockroaches
  3 goblins (D:1)
  11 hobgoblins
  11 jackals
  18 kobolds
  3 quokkas
  A ball python (D:3)
  3 bats
  5 frilled lizards
  A giant cockroach zombie (D:5)
  A leopard gecko skeleton (D:7)
  5 rats
220 creatures vanquished.

Vanquished Creatures (others)
  A plant (Lair:1)
1 creature vanquished.

Grand Total: 221 creatures vanquished

Notes
Turn   | Place    | Note
-------+----------+-------------------------------------------
     0 | D:1      | DogServant the Minotaur Hunter began the quest for the Orb.
     0 | D:1      | Reached XP level 1. HP: 18/18 MP: 0/0
   180 | D:1      | Reached XP level 2. HP: 25/25 MP: 1/1
   259 | D:1      | Reached skill level 5 in Crossbows
   516 | D:1      | Reached XP level 3. HP: 19/30 MP: 2/2
  1159 | D:2      | Reached XP level 4. HP: 35/38 MP: 3/3
  2059 | D:3      | Reached skill level 6 in Crossbows
  2101 | D:3      | Found a roughly hewn altar of Beogh.
  2109 | D:3      | Reached XP level 5. HP: 47/47 MP: 4/4
  2418 | D:4      | Found Sepseeph's Antique Weapon Boutique.
  2418 | D:4      | Found a staircase to the Ecumenical Temple.
  2469 | Temple   | Entered the Ecumenical Temple
  2543 | Temple   | Became a worshipper of Warmaster Okawaru
  2683 | D:4      | Noticed an ogre
  2686 | D:4      | Killed an ogre
  2686 | D:4      | Reached skill level 5 in Fighting
  2686 | D:4      | Reached XP level 6. HP: 56/56 MP: 5/5
  3199 | D:4      | Found a sacrificial altar of Ru.
  3435 | D:4      | Reached * piety under Okawaru
  3435 | D:4      | Reached skill level 7 in Crossbows
  3435 | D:4      | Reached skill level 1 in Armour
  3435 | D:4      | Reached skill level 1 in Invocations
  3519 | D:5      | Entered Level 5 of the Dungeon
  3621 | D:5      | Found Xotsaoff's Assorted Antiques.
  3636 | D:5      | Bought a faintly glowing steel ring for 145 gold pieces
  3637 | D:5      | Identified the ring of Vehumet's Vengeance {Int+3 Stlth-}
                  | (You bought it in a shop on level 5 of the Dungeon)
  3644 | D:5      | Found a sparkling altar of Nemelex Xobeh.
  3717 | D:5      | Reached XP level 7. HP: 61/61 MP: 7/7
  3893 | D:5      | Found Ciwaheox's Weapon Emporium.
  3949 | D:5      | Found Iliticso's Food Shoppe.
  4075 | D:5      | Found Imoemis's Assorted Antiques.
  4117 | D:5      | Found Circhidd's Jewellery Emporium.
  4487 | D:6      | Reached ** piety under Okawaru
  4632 | D:6      | Found a glowing silver altar of Zin.
  4740 | D:6      | Reached skill level 8 in Crossbows
  4741 | D:6      | Reached XP level 8. HP: 42/69 MP: 9/9
  5027 | D:7      | Noticed a hippogriff
  5037 | D:7      | Killed a hippogriff
  5039 | D:7      | Reached skill level 5 in Armour
  5361 | D:7      | Reached *** piety under Okawaru
  5426 | D:7      | Reached skill level 9 in Crossbows
  5426 | D:7      | Reached skill level 5 in Invocations
  5701 | D:7      | Reached XP level 9. HP: 74/74 MP: 12/12
  6413 | D:8      | Received a gift from Okawaru
  6454 | D:8      | Reached **** piety under Okawaru
  6625 | D:9      | Found Ziacwiobb's Magic Scroll Boutique.
  6662 | D:9      | Found Laloabiq's Food Boutique.
  6681 | D:9      | Found Ymputuhi's Book Shoppe.
  6684 | D:9      | Found Inwaviq's Book Shoppe.
  6694 | D:9      | Found Gougring's Magic Scroll Shop.
  6840 | D:9      | Reached skill level 10 in Crossbows
  7196 | D:9      | Received a gift from Okawaru
  7204 | D:9      | Reached XP level 10. HP: 52/86 MP: 14/14
  7207 | D:9      | Reached ***** piety under Okawaru
  7212 | D:9      | Reached skill level 5 in Dodging
  7359 | D:9      | Found a staircase to the Orcish Mines.
  7686 | D:10     | Entered Level 10 of the Dungeon
  8023 | D:10     | Found a staircase to the Lair.
  8084 | D:10     | Received a gift from Okawaru
  8295 | D:10     | Noticed a death knight
  8297 | D:10     | Noticed a skeletal warrior
  8314 | D:10     | Killed a death knight
  8314 | D:10     | Reached skill level 11 in Crossbows
  8604 | D:10     | Killed a skeletal warrior
  8604 | D:10     | Received a gift from Okawaru
  8604 | D:10     | Received a gift from Okawaru
  9349 | D:11     | Reached XP level 11. HP: 88/97 MP: 16/16
  9363 | D:11     | Noticed Josephine
  9416 | Lair:1   | Entered Level 1 of the Lair of Beasts
  9524 | Lair:1   | Quit the game

Illustrated notes

Levels and vault maps discovered:
D:1:      dpeg_arrival_three_same_balls, layout_loops_ring, st_stairs_4
D:2:      layout_rooms
D:3:      layout_loops_ring, kennysheep_orc_chapel
D:4:      layout_gridville, hangedman_ru_absence,
          minmay_temple_entry_purple_smoke, serial_shops, shop
D:5:      layout_layer_cave, nemelex_xobeh_ov_fountains_minmay, serial_shops,
          nicolae_shop_crystal, nicolae_shop_behind_doors,
          nicolae_shop_overgrown_old_shop, shop, shop, first_ration
D:6:      layout_cave_pools, basic_altar
D:7:      layout_gridville, nrook_campfire
D:8:      layout_basic, grunt_ogre_cave
D:9:      layout_basic, david_orc_4, serial_shops,
          nicolae_shop_temple_entry_statues_fountains, shop, shop, shop, shop
D:10:     layout_basic, lair_entry_dummy, lightli_orcish_oven
D:11:     layout_cave_pods, serial_park, serial_park_tiny_pond, uniq_josephine,
          uniq_sonja
Temple:   regret_index_temple_chain_breaker
Lair:1:   layout_chaotic_city, minmay_lair_oklob_chamber,
          infiniplex_staircase_pool

Skill      XL: |  1  2  3  4  5  6  7  8  9 10 |
---------------+-------------------------------+-----
Crossbows      | 5 6 7 8 9 10 11 | 11.4
Fighting       | 3 4 5 7 9 |  9.1
Armour         | 2 4 6 7 |  7.1
Invocations    | 1 3 5 7 8 |  8.3
Dodging        | 4 7 |  7.1
Stealth        | |  0.7

Action                   |  1- 3 |  4- 6 |  7- 9 | 10-12 || total
-------------------------+-------+-------+-------+-------++-------
Melee: Short sword       |    73 |       |       |       ||    73
       Headbutt          |    10 |    21 |    27 |    15 ||    73
       Flail             |     2 |   109 |   130 |       ||   241
       Scimitar          |       |       |    31 |    89 ||   120
 Fire: Hand crossbow     |    22 |    13 |   153 |   134 ||   322
Throw: Javelin           |       |       |     8 |    15 ||    23
Invok: Heroism           |       |       |     1 |     5 ||     6
       Finesse           |       |       |       |     2 ||     2
  Use: Scroll            |       |     7 |     6 |     5 ||    18
       Potion            |       |       |     3 |     3 ||     6
 Stab: Sleeping          |       |     1 |       |       ||     1
  Eat: Chunk             |     1 |     8 |    10 |     4 ||    23
       Ration            |       |       |     3 |     1 ||     4
Armor: Leather armour    |    20 |    41 |       |       ||    61
       Chain mail        |       |    20 |   184 |    96 ||   300
       Skin              |       |       |       |    40 ||    40
Dodge: Dodged            |    49 |    77 |   112 |   104 ||   342
       Rpst.: Scimitar   |       |       |     5 |    13 ||    18
